 Dungeon Crawl Stone Soup version 0.24-a0-416-g56ce5178b7 (webtiles) character file.

Game seed: 1482886782372562394

9811 theanonym the Destroyer (level 11, 0/64 HPs)
             Began as a Deep Elf Conjurer on June 8, 2019.
             Was a Priest of Vehumet.
             Slain by an eight-headed hydra (8 damage)
             ... on level 1 of the Lair of Beasts.
             The game lasted 00:24:19 (13402 turns).

theanonym the Destroyer (Deep Elf Conjurer)        Turns: 13402, Time: 00:24:20

Health: 0/64       AC:  9    Str:  5    XL:     11   Next: 27%
Magic:  2/27       EV: 20    Int: 24    God:    Vehumet [***...]
Gold:   352        SH:  2    Dex: 15    Spells: 22/30 levels left

rFire    . . .     SeeInvis .   a - +3 whip (elec)
rCold    . . .     Gourm    .   (no shield)
rNeg     . . .     Faith    .   u - +1 leather armour {rPois}
rPois    +         Spirit   .   b - +0 helmet
rElec    .         Reflect  +   I - +1 cloak
rCorr    .         Harm     .   s - +0 pair of gloves
MR       +....                  (no boots)
Stlth    ++........             A - +2 amulet of reflection
HPRegen  0.20/turn              G - +2 ring of evasion
MPRegen  0.20/turn              v - +4 ring of evasion

@: no status effects
A: no striking features
a: Renounce Religion


   Skills:
 + Level 6.1 Fighting
 - Level 5.2 Armour
 + Level 5.3 Dodging
 - Level 2.4 Stealth
 - Level 10.0 Spellcasting
 - Level 10.0 Conjurations
 - Level 10.0 Ice Magic


You had 22 spell levels left.
You knew the following spells:

 Your Spells              Type           Power        Failure   Level  Hunger
a - Magic Dart            Conj           ####         1%          1    None
b - Throw Frost           Conj/Ice       ######       1%          2    None
c - Freeze                Ice            ####         1%          1    None
d - Iskenderun's Mystic   Conj           ######..     1%          4    #......

Your spell library contained the following spells:

 Spells                   Type           Power        Failure   Level  Hunger
 Throw Flame              Conj/Fire      #####.       1%          2    None
 Searing Ray              Conj           ######       1%          2    None
 Dazzling Spray           Conj/Hex       #####.       1%          3    None
 Force Lance              Conj/Tloc      #####...     3%          4    #......
 Fulminant Prism          Conj/Hex       #####.....   3%          4    #......

Skill      XL: |  1  2  3  4  5  6  7  8  9 10 11 |
---------------+----------------------------------+-----
Spellcasting   | 4 5 6 8 10 | 10.0
Conjurations   | 5 6 7 9 10 | 10.0
Ice Magic      | 2 7 9 10 | 10.0
Armour         | 2 5 |  5.2
Fighting       | 1 5 6 |  6.1
Dodging        | 3 5 |  5.3
Stealth        | |  2.4

Action                   |  1- 3 |  4- 6 |  7- 9 | 10-12 || total
-------------------------+-------+-------+-------+-------++-------
Melee: Unarmed           |     7 |       |       |       ||     7
       Short sword       |       |    13 |       |       ||    13
       Whip              |       |       |     2 |    14 ||    16
Throw: Throwing net      |       |       |       |     3 ||     3
 Cast: Magic Dart        |    65 |   143 |   112 |    18 ||   338
       Iskenderun's Myst |       |    14 |    69 |    85 ||   168
       Throw Frost       |       |       |     7 |    40 ||    47
       Freeze            |       |       |     5 |    20 ||    25
Evoke: Wand              |       |       |     1 |     2 ||     3
  Use: Scroll            |       |    16 |     7 |     9 ||    32
       Potion            |       |       |     1 |       ||     1
  Eat: Chunk             |     1 |    10 |    22 |     6 ||    39
       Ration            |       |     1 |     2 |       ||     3
Armor: Robe              |     5 |     3 |       |       ||     8
       Leather armour    |       |       |     6 |    12 ||    18
Dodge: Dodged            |    17 |    21 |    65 |    56 ||   159
Block: Other             |       |       |       |     5 ||     5

Inventory:

Hand Weapons
 a - a +3 whip of electrocution (weapon)
 D - a +1 rapier of draining
Armour
 b - a +0 helmet (worn)
 d - a +1 robe
 s - a +0 pair of gloves (worn)
 u - a +1 leather armour of poison resistance (worn)
 I - a +1 cloak (worn)
Jewellery
 v - a +4 ring of evasion (right hand)
 x - an uncursed ring of protection from cold
 A - a +2 amulet of reflection (around neck)
 G - a +2 ring of evasion (left hand)
 J - an uncursed ring of see invisible
Wands
 c - a wand of clouds (4)
 i - a wand of iceblast (14)
Scrolls
 f - a scroll of fog
 g - 4 scrolls of fear
 k - 2 scrolls of amnesia
 n - 4 scrolls of remove curse
 r - a scroll of identify
 t - 5 scrolls of teleportation
 y - a scroll of magic mapping
 B - 2 scrolls of blinking
 F - a scroll of immolation
Potions
 h - a potion of lignification
 j - a potion of agility
 l - 2 potions of resistance
 m - 2 potions of might
 p - a potion of flight
 q - 3 potions of heal wounds
 w - 3 potions of curing
 z - 3 potions of cancellation
 E - a potion of mutation
 H - 2 potions of ambrosia
 K - a potion of haste {unknown}
Comestibles
 e - 16 rations


You were on level 1 of the Lair of Beasts.
You worshipped Vehumet.
Vehumet was most pleased with you.
You were not hungry.

You visited 3 branches of the dungeon, and saw 12 of its levels.
You also visited: Ossuary.

You collected 426 gold pieces.
You spent 74 gold pieces at shops.

Dungeon Overview and Level Annotations

Branches:
Dungeon (10/15)            Temple (1/1) D:4            Lair (1/6) D:9
    Orc: D:9-12

Altars:
Ashenzari
Cheibriados
Dithmenos
Elyvilon
Fedhas
Gozag
Hepliaklqana
Kikubaaqudgha
Makhleb
Nemelex Xobeh
Okawaru
Qazlal
Ru
Sif Muna
Trog
Uskayaw
Vehumet
Wu Jian
Xom
Yredelemnul
Zin
The Shining One

Shops:
D:6 ?   D:7 ?: D:8

* ..### ....#
.... ... ..# #
.(#
.####.##D.###.P
.......@.......
...............
...............
##.#P######.##.
# ## #


You could see an eight-headed hydra.

Notes
Turn   | Place    | Note
-------+----------+-------------------------------------------
     0 | D:1      | theanonym the Deep Elf Conjurer began the quest for the
                  | Orb.
     0 | D:1      | Reached XP level 1. HP: 10/10 MP: 6/6
    59 | D:1      | HP: 5/10 [hobgoblin/stone (2)]
   265 | D:1      | Reached XP level 2. HP: 15/15 MP: 2/8
   382 | D:1      | HP: 7/15 [jackal (1)]
   875 | D:1      | Reached skill level 4 in Spellcasting
   951 | D:1      | Reached skill level 5 in Conjurations
   951 | D:1      | Reached XP level 3. HP: 19/19 MP: 8/10
  1289 | D:2      | Noticed Jessica
  1293 | D:2      | Killed Jessica
  1453 | D:2      | Reached XP level 4. HP: 24/24 MP: 4/12
  1601 | D:2      | Reached skill level 5 in Spellcasting
  2145 | D:3      | Learned a level 4 spell: Iskenderun's Mystic Blast
  2344 | D:3      | Reached skill level 6 in Conjurations
  2344 | D:3      | Reached XP level 5. HP: 28/28 MP: 6/14
  2363 | D:3      | HP: 12/28 [goblin/+0 dagger (4)]
  3066 | D:3      | Noticed Natasha
  3068 | D:3      | Killed Natasha
  3503 | D:4      | Found a staircase to the Ecumenical Temple.
  3509 | Temple   | Entered the Ecumenical Temple
  3661 | Temple   | Became a worshipper of Vehumet
  3841 | D:4      | Reached skill level 6 in Spellcasting
  3841 | D:4      | Reached XP level 6. HP: 32/32 MP: 9/17
  4049 | D:4      | Reached skill level 7 in Conjurations
  4808 | D:5      | Entered Level 5 of the Dungeon
  4999 | D:5      | Noticed Pikel
  4999 | D:5      | Noticed a slave
  4999 | D:5      | Noticed a slave
  4999 | D:5      | Noticed a slave
  4999 | D:5      | Noticed a slave
  5160 | D:5      | Reached XP level 7. HP: 29/36 MP: 5/19
  5226 | D:5      | Killed Pikel
  5226 | D:5      | Reached skill level 7 in Spellcasting
  5226 | D:5      | Reached skill level 9 in Conjurations
  5341 | D:5      | HP: 14/36 [iguana (13)]
  5342 | D:5      | Reached skill level 8 in Spellcasting
  5447 | D:5      | Reached XP level 8. HP: 30/41 MP: 17/22
  6163 | D:6      | Found a snail-covered altar of Cheibriados.
  6715 | D:6      | Reached * piety under Vehumet
  6715 | D:6      | Offered knowledge of Freeze by Vehumet.
  6715 | D:6      | Reached skill level 10 in Conjurations
  6861 | D:6      | Reached skill level 9 in Spellcasting
  6991 | D:6      | Learned a level 1 spell: Freeze
  7294 | D:6      | Found Suxkuzxosu's Magic Scroll Emporium.
  7437 | D:7      | Reached skill level 1 in Ice Magic
  7510 | D:7      | Found a sand-covered staircase.
  7517 | Ossuary  | Entered an ossuary
  7530 | Ossuary  | HP: 20/41 [elf zombie (2)]
  7531 | Ossuary  | HP: 7/41 [elf zombie (7)]
  7920 | D:7      | Found Zaelitas's Book Shop.
  7959 | D:7      | Reached skill level 1 in Armour
  8001 | D:7      | Noticed a hornet
  8007 | D:7      | Killed a hornet
  8007 | D:7      | Reached skill level 2 in Ice Magic
  8099 | D:7      | Found Goivitia's Magic Scroll Shoppe.
  8112 | D:7      | Bought a scroll of identify for 24 gold pieces
  8112 | D:7      | Bought a scroll of identify for 24 gold pieces
  8151 | D:7      | Reached skill level 10 in Spellcasting
  8235 | D:7      | Reached skill level 2 in Armour
  8235 | D:7      | Reached XP level 9. HP: 45/45 MP: 16/25
  8290 | D:7      | Found an opulent altar of Gozag.
  8293 | D:7      | Found Gozag's Platinum Reserve.
  8455 | D:7      | Found a glowing golden altar of the Shining One.
  8500 | D:7      | Reached skill level 3 in Ice Magic
  8502 | D:7      | Reached ** piety under Vehumet
  8502 | D:7      | Offered knowledge of Throw Frost by Vehumet.
  8506 | D:7      | Learned a level 2 spell: Throw Frost
  8806 | D:7      | Reached skill level 3 in Armour
  8806 | D:7      | Reached skill level 4 in Ice Magic
  9233 | D:8      | Reached skill level 4 in Armour
  9233 | D:8      | Reached skill level 5 in Ice Magic
  9432 | D:8      | Noticed a two-headed ogre
  9433 | D:8      | Reached skill level 6 in Ice Magic
  9438 | D:8      | Killed a two-headed ogre
  9438 | D:8      | Reached skill level 5 in Armour
  9438 | D:8      | Reached skill level 7 in Ice Magic
  9728 | D:8      | Noticed Joseph
  9734 | D:8      | Killed Joseph
  9734 | D:8      | Reached skill level 1 in Fighting
  9734 | D:8      | Reached XP level 10. HP: 48/52 MP: 1/26
  9998 | D:8      | Found Lirchobym's General Store.
 10003 | D:8      | Noticed Erica
 10009 | D:8      | Killed Erica
 10009 | D:8      | Reached skill level 2 in Fighting
 10009 | D:8      | Reached skill level 8 in Ice Magic
 10131 | D:8      | Bought a scroll of identify for 26 gold pieces
 10440 | D:9      | Reached skill level 3 in Fighting
 10667 | D:9      | Noticed a two-headed ogre
 10684 | D:9      | Killed a two-headed ogre
 10684 | D:9      | Reached skill level 4 in Fighting
 10684 | D:9      | Reached skill level 9 in Ice Magic
 10997 | D:9      | Identified the ring of Disaster {rF+ rCorr Str+3 Int-5
                  | Dex+10}
 11162 | D:9      | HP: 25/58 [yak (13)]
 11182 | D:9      | HP: 11/58 [yak (6)]
 11206 | D:9      | Offered knowledge of Throw Flame by Vehumet.
 11459 | D:9      | Noticed Blork the orc
 11463 | D:9      | Killed Blork the orc
 11545 | D:9      | Found a deep blue altar of Sif Muna.
 11576 | D:9      | Found a staircase to the Lair.
 11577 | D:9      | Noticed an elephant
 11677 | D:9      | Killed an elephant
 11677 | D:9      | Reached skill level 5 in Fighting
 11960 | D:10     | Entered Level 10 of the Dungeon
 12056 | D:10     | Reached skill level 3 in Dodging
 12056 | D:10     | Reached XP level 11. HP: 61/64 MP: 7/27
 12226 | D:10     | Reached skill level 10 in Ice Magic
 12321 | D:10     | Reached *** piety under Vehumet
 12695 | D:10     | Reached skill level 4 in Dodging
 12804 | D:10     | Reached skill level 6 in Fighting
 12804 | D:10     | Reached skill level 5 in Dodging
 13325 | Lair:1   | Entered Level 1 of the Lair of Beasts
 13393 | Lair:1   | Noticed an eight-headed hydra
 13401 | Lair:1   | HP: 32/64 [eight-headed hydra (13)]
 13401 | Lair:1   | HP: 8/64 [eight-headed hydra (10)]
 13402 | Lair:1   | Slain by an eight-headed hydra

Vanquished Creatures
  Erica (D:8)
  2 two-headed ogres
  Pikel (D:5)
  An elephant (D:9)
  Joseph (D:8)
  4 orange demons (D:10)
  A komodo dragon (Lair:1)
  A red devil (D:10)
  A hornet (D:7)
  3 hippogriffs
  A vampire (D:9)
  4 yaks
  A basilisk (D:9)
  A wyvern (D:8)
  An orc warrior (D:7)
  An ice beast (D:9)
  2 sky beasts
  2 phantoms
  4 centaurs
  6 ogres
  A crocodile (D:9)
  Blork the orc (D:9)
  2 big kobolds
  6 bullfrogs
  A wyvern skeleton (D:9)
  A scorpion (D:4)
  A howler monkey (D:6)
  4 wights (D:9)
  A crimson imp (D:5)
  A bullfrog zombie (D:6)
  A centaur zombie (D:8)
  4 hounds
  A jelly (D:9)
  2 orc priests
  7 orc wizards
  2 centaur skeletons
  Jessica (D:2)
  An iguana (D:5)
  Natasha (D:3)
  5 worker ants
  A hound zombie (Ossuary)
  6 gnolls
  5 adders
  3 shadow imps
  An ooze (D:1)
  An adder skeleton (D:7)
  5 worms
  A dart slug (D:3)
  3 leopard geckos
  25 orcs
  9 giant cockroaches
  14 goblins
  12 hobgoblins
  7 jackals
  21 kobolds
  A quokka (D:4)
  4 ball pythons
  13 bats
  2 frilled lizards
  2 hobgoblin zombies (Ossuary)
  A jackal skeleton (D:6)
  2 orc zombies (Ossuary)
  A quokka zombie (D:6)
  8 rats
231 creatures vanquished.

Vanquished Creatures (others)
  A gnoll (D:5)
1 creature vanquished.

Grand Total: 232 creatures vanquished

Table legend:
 A = Turns spent in this place as a percentage of turns spent in the entire game.
 B = Non-inter-level travel turns spent in this place as a percentage of non-inter-level travel turns spent in the entire game.
 C = Inter-level travel turns spent in this place as a percentage of turns spent in this place.
 D = Turns resting spent in this place as a percentage of non-inter-level travel turns spent in this place.
 E = Turns spent auto-exploring this place as a percentage of non-inter-level travel turns spent in this place.
 F = Non-inter-level travel turns spent in this place divided by the number of levels of this place that you've seen.
                   A       B       C       D       E      F
               +-------+-------+-------+-------+-------+----------------------
         Total | 100.0 | 100.0 |   3.6 |  41.9 |  48.3 | 993.5
       Dungeon |  98.1 |  98.1 |   3.6 |  42.2 |  48.0 | 1267.0
        Temple |   1.3 |   1.2 |   8.9 |   0.0 |  96.1 | 154.0
          Lair |   0.6 |   0.6 |   0.0 |  81.8 |   0.0 |  77.0
       Ossuary |   0.1 |   0.1 |   0.0 |   0.0 |   0.0 |  15.0
               +-------+-------+-------+-------+-------+----------------------
